 Dungeon Crawl Stone Soup version 0.21-a0-184-g9126a74 (webtiles) character file.

14158 aurelian the Thaumaturge (level 11, 0/84 HPs)
             Began as a Mummy Summoner on Aug 10, 2017.
             Was an Elder of Kikubaaqudgha.
             Slain by an elephant (12 damage)
             ... on level 3 of the Lair of Beasts on Aug 11, 2017.
             The game lasted 01:26:32 (23738 turns).

aurelian the Thaumaturge (Mummy Summoner)          Turns: 23738, Time: 01:26:34

Health: 0/84       AC:  6    Str: 16    XL:     11   Next: 85%
Magic:  1/24       EV: 14    Int: 19    God:    Kikubaaqudgha [****..]
Gold:   481        SH:  8    Dex: 14    Spells: 8/28 levels left

rFire    . . .     SeeInvis .   F - +3 trident "Umoihalidgh" {freeze, rPois rN+}
rCold    + + .     Gourm    .   Y - +0 buckler (curse)
rNeg     + + +     Faith    .   r - +1 robe of Spite {Str+3}
rPois    ∞         Spirit   .   I - +2 hat
rElec    .         Reflect  +   T - scarf {rC+ rF+}
rCorr    .         Harm     .   v - +0 pair of gloves
MR       +....                  (no boots)
Stlth    +++.......             N - +3 amulet of reflection
HPRegen  0.24/turn              c - +2 ring of strength
MPRegen  0.19/turn              m - +2 ring of intelligence

@: very slightly contaminated
A: no food or potions, fire vulnerability, cold resistance 1, negative energy
resistance 3, torment resistance, unbreathing
a: Receive Corpses, Renounce Religion


You were on level 3 of the Lair of Beasts.
You worshipped Kikubaaqudgha.
Kikubaaqudgha was greatly pleased with you.
You were not hungry.

You visited 2 branches of the dungeon, and saw 15 of its levels.
You also visited: Ossuary.

You collected 710 gold pieces.
You spent 229 gold pieces at shops.

Inventory:

Hand Weapons
 a - a +2 dagger of pain
 b - a +0 hunting sling
 e - a +0 dagger
 s - a +2 falchion of slicing
 t - a +0 blowgun
 F - the +3 trident "Umoihalidgh" (weapon) {freeze, rPois rN+}
   (You bought it in a shop on level 7 of the Dungeon)

   It has been specially enchanted to freeze those struck by it, causing extra
   injury to most foes and up to half again as much damage against particularly
   susceptible opponents.
   It can also slow down cold-blooded creatures.
   It protects you from poison.
   It protects you from negative energy.
 L - a +5 spear
Missiles
 d - 6 curare-tipped needles
 x - 14 javelins (quivered)
Armour
 j - a +0 cloak of invisibility
 q - a +0 large shield
 r - the +1 robe of Spite (worn) {Str+3}
   (You found it on level 4 of the Dungeon)

   It affects your strength (+3).
 v - a +0 pair of gloves (worn)
 I - a +2 hat (worn)
 T - a scarf of resistance (worn)
 Y - a cursed +0 buckler (worn)
Magical Staves
 w - an uncursed staff of earth
Jewellery
 c - a +2 ring of strength (left hand)
 f - an uncursed amulet of guardian spirit {unknown}
 m - a +2 ring of intelligence (right hand)
 u - an uncursed ring of wizardry {unknown}
 M - an uncursed ring of poison resistance {unknown}
 N - a +3 amulet of reflection (around neck)
 S - an uncursed amulet of regeneration
 U - an uncursed ring of wizardry {unknown}
 V - a +4 ring of protection {unknown}
 X - a +3 ring of intelligence
Wands
 h - a wand of polymorph (14/24)
 E - a wand of confusion (18/48)
 H - a wand of polymorph (9/24)
 K - a wand of random effects (19/48)
 O - a wand of polymorph (12/24)
 Q - a wand of acid (0/15)
 R - a wand of lightning (2/15)
 W - a wand of random effects (39/48)
 Z - a wand of acid (3/15)
Scrolls
 g - a scroll of magic mapping
 k - 8 scrolls of remove curse
 l - a scroll of blinking {unknown}
 n - 4 scrolls of teleportation
 o - 2 scrolls of random uselessness {unknown}
 p - 3 scrolls of immolation
 y - a scroll of fog {unknown}
 z - a scroll of recharging {unknown}
 A - 5 scrolls of identify
 B - a scroll of silence
 C - 2 scrolls of amnesia
Books
 i - a book of Callings

   Spells                             Type                      Level
   a - Summon Small Mammal            Summoning                    1
   b - Call Imp                       Summoning                    2
   c - Call Canine Familiar           Summoning                    3
   d - Summon Guardian Golem          Hexes/Summoning              3
   e - Summon Lightning Spire         Summoning/Air                4
   f - Summon Ice Beast               Ice/Summoning                4
 G - Kikubaaqudgha's Volume of Evil Secrets
   (Kikubaaqudgha gifted it to you on level 7 of the Dungeon)

   Spells                             Type                      Level
   a - Animate Skeleton               Necromancy                   1
   b - Pain                           Necromancy                   1
   c - Corpse Rot                     Necromancy                   2
   d - Vampiric Draining              Necromancy                   3
   e - Control Undead                 Necromancy                   4
 J - a book of Conjurations

   Spells                             Type                      Level
   a - Magic Dart                     Conjuration                  1
   b - Searing Ray                    Conjuration                  2
   c - Dazzling Spray                 Conjuration/Hexes            3
   d - Fulminant Prism                Conjuration/Hexes            4
   e - Force Lance                    Conjuration/Translocation    4
   f - Iskenderun's Mystic Blast      Conjuration                  4
 P - Kikubaaqudgha's Papyrus of Sinister Magic
   (Kikubaaqudgha gifted it to you on level 9 of the Dungeon)

   Spells                             Type                      Level
   a - Excruciating Wounds            Charms/Necromancy            5
   b - Agony                          Necromancy                   5
   c - Cigotuvi's Embrace             Necromancy                   5
   d - Dispel Undead                  Necromancy                   5
   e - Simulacrum                     Ice/Necromancy               6


   Skills:
 + Level 7.2 Fighting
 + Level 5.8 Polearms
 - Level 4.0 Dodging
 - Level 4.0 Stealth
 + Level 3.2 Shields
 - Level 9.3 Spellcasting
 - Level 8.0 Summonings
 - Level 8.0 Necromancy
 - Level 4.0 Ice Magic


You had 8 spell levels left.
You knew the following spells:

 Your Spells              Type           Power        Failure   Level  Hunger
b - Call Imp              Summ           #####...     1%          2    N/A
c - Call Canine Familiar  Summ           #####...     1%          3    N/A
d - Summon Ice Beast      Ice/Summ       ####....     8%          4    N/A
e - Dispel Undead         Necr           #####...     9%          5    N/A
f - Agony                 Necr           #####...     9%          5    N/A
g - Animate Skeleton      Necr           N/A          1%          1    N/A

Dungeon Overview and Level Annotations

Branches:
Dungeon (11/15)            Temple (0/1) D:6            Lair (4/6) D:11
  Swamp (0/4) Lair:3        Snake (0/4) Lair:2          Orc (0/2) D:9

Altars:
Gozag
Hepliaklqana
Kikubaaqudgha
Okawaru
Uskayaw

Shops:
D:4 }   D:6 }   D:7 *   D:9 (

Annotations:
Lair:1 exclusions: 2 downstairs and 3 oklob plants


Innate Abilities, Weirdness & Mutations

You do not eat or drink.
Your flesh is vulnerable to fire.
You are immune to poison.
Your flesh is cold resistant. (rC+)
You are immune to negative energy. (rN+++)
You are immune to unholy pain and torment.
You can survive without breathing.


Message History

The elephant tramples you!
* * * LOW HITPOINT WARNING * * *
You hold your ground!
The elephant trunk-slaps you.
* * * LOW HITPOINT WARNING * * *
The elephant tramples you!
* * * LOW HITPOINT WARNING * * *
You hold your ground!
The elephant trunk-slaps you but does no damage.
There is a stone staircase leading down here.
Okay, then.
Evoke which item? (* to show all) (? for menu, Esc to quit)
Okay, then.
Casting: Summon Ice Beast
Confirm with . or Enter, or press ? or * to list all spells.
You miscast Summon Ice Beast.
You are very lightly contaminated with residual magic.
You hear strange voices.
The elephant tramples you!
You die...
Kikubaaqudgha rasps: "You have failed me!
Welcome... oblivion!"

##*######
#..#....#
*#.....####
#...#.#Y#.##
#Y.#####...####
#.P* ##.Y@..#
#.** #.#....#
*#.,* ####Y.##
**** **.,**
#...P# *,,*
*.#,,* #...P#
**,** **,,**
##..## *,,,**
*,,* *#§.#*
**,,,,* ***,*
#(..§# **,,,,,*
*,,**
#§§§##****,,,,,**


You could see 3 elephants.

Vanquished Creatures
  2 kobold demonologists (D:10)
  3 blink frogs
  A hippogriff (D:7)
  A vampire (D:11)
  2 water moccasins (Lair:2)
  An orc warrior (D:10)
  A black bear (D:8)
  2 crocodiles
  A killer bee (D:11)
  A wight (D:9)
  2 crimson imps
  A worker ant (D:10)
  A leopard gecko (D:7)
  An orc (D:8)
  A giant cockroach (D:8)
  A goblin (D:1)
  2 hobgoblins
  A kobold (D:11)
  2 orc zombies (D:9)
27 creatures vanquished.

Vanquished Creatures (collateral kills)
  Gastronok (D:8)
  2 hydras (Lair:2)
  4 two-headed ogres
  An ugly thing (D:9)
  A naga mage (Lair:2)
  Joseph (D:9)
  Maurice (D:8)
  A black mamba (Lair:1)
  The ghost of Bunnehwyld the Cudgeler, a novice TrMo of Okawaru (D:5)
  2 gargoyles
  5 spiny frogs
  A kobold demonologist (D:11)
  2 komodo dragons (Lair:2)
  A hornet (D:11)
  16 blink frogs
  3 hippogriffs
  Sigmund (D:2)
  11 yaks
  A wraith (D:11)
  Grum (D:8)
  A basilisk (Lair:1)
  3 hungry ghosts
  6 nagas (Lair:2)
  7 water moccasins
  An acid dragon (D:11)
  A porcupine (D:11)
  2 sky beasts (D:10)
  6 orc warriors
  A necrophage (D:11)
  3 black bears
  3 phantoms
  3 ice beasts
  3 ogres
  2 wolves (D:8)
  7 crocodiles
  2 centaurs (D:8)
  5 big kobolds
  5 bullfrogs
  3 scorpions
  A water moccasin skeleton (D:8)
  6 killer bees (D:11)
  4 wights (D:10)
  An electric eel (Lair:1)
  7 crimson imps
  4 howler monkeys
  2 bullfrog zombies
  3 jellies
  8 orc wizards
  A quasit (D:8)
  Crazy Yiuf (D:2)
  9 orc priests
  2 centaur skeletons
  5 hounds
  3 iguanas
  7 worker ants
  6 ogre zombies (D:9)
  A mummy (Ossuary)
  A hound zombie (D:7)
  A hound skeleton (D:8)
  2 howler monkey zombies
  2 worker ant zombies
  11 adders
  4 gnolls (D:6)
  2 shadow imps
  An ooze (D:5)
  An adder zombie (D:5)
  4 dart slugs
  3 leopard geckos
  44 orcs
  6 bats
  5 giant cockroaches
  10 goblins
  8 hobgoblins
  8 jackals
  A quokka (D:6)
  3 frilled lizards
  4 gnoll skeletons (Ossuary)
  A gnoll zombie (Ossuary)
  A goblin skeleton (Ossuary)
  9 goblin zombies
  4 hobgoblin skeletons
  3 hobgoblin zombies
  A jackal zombie (D:7)
  21 kobolds
  A kobold skeleton (Ossuary)
  2 kobold zombies (Ossuary)
  7 orc skeletons
  7 orc zombies (D:9)
  4 rats
  2 rat skeletons (Ossuary)
  3 rat zombies (Ossuary)
  2 fungi
  A withered plant (D:5)
382 creatures vanquished.

Vanquished Creatures (others)
  Menkaure (Ossuary)
  2 mummies (Ossuary)
  A gnoll skeleton (Ossuary)
  2 goblin skeletons (Ossuary)
  3 hobgoblin skeletons (Ossuary)
  4 hobgoblin zombies (Ossuary)
  2 kobold skeletons (Ossuary)
  2 kobold zombies (Ossuary)
  3 orc skeletons (Ossuary)
  3 orc zombies (Ossuary)
  A rat skeleton (Ossuary)
  2 rat zombies (Ossuary)
  15 fungi
  8 plants
49 creatures vanquished.

Grand Total: 458 creatures vanquished

Notes
Turn   | Place    | Note
-------+----------+-------------------------------------------
     0 | D:1      | aurelian the Mummy Summoner began the quest for the Orb.
     0 | D:1      | Reached XP level 1. HP: 13/13 MP: 4/4
   409 | D:1      | Reached skill level 3 in Spellcasting
   591 | D:1      | Reached XP level 2. HP: 19/19 MP: 1/6
  1473 | D:1      | Learned a level 2 spell: Call Imp
  1644 | D:2      | Found a runed door.
  1920 | D:2      | Reached XP level 3. HP: 19/24 MP: 1/8
  1925 | D:2      | Noticed Sigmund
  2045 | D:2      | Killed Sigmund
  2045 | D:2      | Reached skill level 4 in Spellcasting
  2045 | D:2      | Reached XP level 4. HP: 30/30 MP: 1/10
  2050 | D:2      | Learned a level 3 spell: Call Canine Familiar
  2903 | D:2      | Noticed Crazy Yiuf
  2976 | D:2      | Killed Crazy Yiuf
  2976 | D:2      | Reached XP level 5. HP: 16/35 MP: 0/12
  3378 | D:3      | Learned a level 4 spell: Summon Ice Beast
  3933 | D:3      | Reached skill level 5 in Spellcasting
  4259 | D:3      | Found an iron altar of Okawaru.
  4264 | D:3      | Reached skill level 1 in Ice Magic
  4358 | D:4      | Noticed an ogre
  4372 | D:3      | Killed an ogre
  4374 | D:3      | Upgraded the game from 0.21-a0-179-gd2bfb5f to 0.21-a0-184-g9126a74
  4826 | D:4      | Found Looko's Gadget Shop.
  4840 | D:4      | Reached XP level 6. HP: 41/41 MP: 8/13
  4846 | D:4      | Got a faintly glowing robe
  4873 | D:4      | Identified the cursed +1 robe of Spite {Str+3} (You found it on level 4 of the Dungeon)
  5127 | D:5      | Entered Level 5 of the Dungeon
  5674 | D:5      | Found a sand-covered staircase.
  5680 | D:5      | Noticed Bunnehwyld's ghost (novice TrMo)
  5690 | D:5      | Killed Bunnehwyld's ghost
  5690 | D:5      | Reached skill level 5 in Summonings
  5740 | Ossuary  | Entered an ossuary
  5994 | Ossuary  | Reached XP level 7. HP: 46/46 MP: 8/15
  6097 | Ossuary  | Reached skill level 6 in Spellcasting
  6199 | Ossuary  | Killed Menkaure
  6784 | D:5      | Found an ancient bone altar of Kikubaaqudgha.
  6825 | D:5      | Became a worshipper of Kikubaaqudgha
  7009 | D:6      | Found a hazy altar of Hepliaklqana.
  7060 | D:6      | Found Xexyev's Gadget Emporium.
  7420 | D:6      | Found a staircase to the Ecumenical Temple.
  8168 | D:7      | Found Meug's Assorted Antiques.
  8177 | D:7      | Bought a polished trident for 229 gold pieces
  8177 | D:7      | Identified the +3 trident "Umoihalidgh" {freeze, rPois rN+} (You bought it in a shop on level 7 of the Dungeon)
  8350 | D:7      | Noticed a hippogriff
  8364 | D:7      | Killed a hippogriff
  8364 | D:7      | Reached skill level 7 in Spellcasting
  8399 | D:7      | Reached XP level 8. HP: 46/52 MP: 4/18
  8400 | D:7      | Reached * piety under Kikubaaqudgha
  8400 | D:7      | Identified Kikubaaqudgha's Volume of Evil Secrets (Kikubaaqudgha gifted it to you on level 7 of the Dungeon)
  8400 | D:7      | Received a gift from Kikubaaqudgha
  8673 | D:7      | Noticed a hippogriff
  8681 | D:7      | Killed a hippogriff
  9272 | D:8      | Found an opulent altar of Gozag.
  9417 | D:8      | Noticed Maurice
  9430 | D:8      | Killed Maurice
  9430 | D:8      | Reached skill level 8 in Spellcasting
  9430 | D:8      | Reached skill level 1 in Necromancy
  9617 | D:8      | Noticed Gastronok
  9651 | D:8      | Killed Gastronok
  9651 | D:8      | Reached skill level 9 in Spellcasting
  9651 | D:8      | Reached XP level 9. HP: 48/57 MP: 7/22
  9984 | D:8      | Reached ** piety under Kikubaaqudgha
 10332 | D:8      | Reached skill level 1 in Fighting
 10347 | D:8      | Noticed Grum
 10376 | D:8      | Killed Grum
 10703 | D:8      | Noticed a two-headed ogre
 10711 | D:8      | Killed a two-headed ogre
 11517 | D:9      | Noticed a white ugly thing
 11527 | D:9      | Killed a white ugly thing
 11906 | D:9      | Found Sanutuak's Antique Weapon Boutique.
 12057 | D:9      | Reached *** piety under Kikubaaqudgha
 12057 | D:9      | Identified Kikubaaqudgha's Papyrus of Sinister Magic (Kikubaaqudgha gifted it to you on level 9 of the Dungeon)
 12057 | D:9      | Received a gift from Kikubaaqudgha
 12096 | D:9      | Reached skill level 5 in Necromancy
 12422 | D:9      | Found a staircase to the Orcish Mines.
 12559 | D:9      | Noticed Joseph
 12587 | D:9      | Killed Joseph
 12587 | D:9      | Reached XP level 10. HP: 41/70 MP: 3/23
 12746 | D:9      | Learned a level 5 spell: Dispel Undead
 12752 | D:9      | Learned a level 5 spell: Agony
 13667 | D:9      | Noticed a two-headed ogre
 13675 | D:9      | Killed a two-headed ogre
 13678 | D:9      | Learned a level 1 spell: Animate Skeleton
 13790 | D:10     | Entered Level 10 of the Dungeon
 14277 | D:10     | Reached **** piety under Kikubaaqudgha
 14549 | D:10     | Noticed a gargoyle
 14613 | D:10     | Killed a gargoyle
 14831 | D:11     | Reached skill level 1 in Polearms
 14865 | D:11     | Noticed a sun demon
 14874 | D:11     | Noticed a two-headed ogre
 15774 | D:11     | Reached skill level 5 in Fighting
 15893 | D:11     | Noticed a two-headed ogre
 15916 | D:11     | Killed a two-headed ogre
 16606 | D:11     | Noticed a gargoyle
 16613 | D:11     | Killed a gargoyle
 16825 | D:11     | Found a hide-covered altar of Uskayaw.
 16840 | D:11     | Killed a two-headed ogre
 16849 | D:11     | Noticed a sun demon
 17141 | D:11     | Noticed a sun demon
 17142 | D:11     | Noticed a sixfirhy
 17740 | D:10     | Reached XP level 11. HP: 81/81 MP: 12/24
 18130 | D:11     | Found a staircase to the Lair.
 18639 | Lair:1   | Entered Level 1 of the Lair of Beasts
 18928 | Lair:1   | Got an ichor-stained cloak
 18934 | Lair:1   | Identified the -6 cloak of the Poles {*Contam rPois rCorr Int+2} (You found it on level 1 of the Lair of Beasts)
 19377 | Lair:1   | Noticed an oklob plant
 19377 | Lair:1   | Noticed an oklob plant
 19377 | Lair:1   | Noticed an oklob plant
 20928 | Lair:2   | Reached skill level 1 in Shields
 21026 | Lair:2   | Noticed an eight-headed hydra
 21397 | Lair:2   | Killed an eight-headed hydra
 21643 | Lair:2   | Noticed a six-headed hydra
 21661 | Lair:2   | Killed a six-headed hydra
 21980 | Lair:2   | Reached skill level 5 in Polearms
 22288 | Lair:2   | Found a staircase to the Snake Pit.
 23492 | Lair:3   | Noticed an eight-headed hydra
 23692 | Lair:3   | Found a staircase to the Swamp.
 23738 | Lair:3   | Slain by an elephant

Vault maps used:
D:1:      elethiomel_arrival_infinity_welcomes_careful_drivers
D:2:      first_bread, uniq_crazy_yiuf_cottage, uniq_sigmund
D:3:      okawaru_metal_pillars_1_2
D:4:      serial_shops, shop
D:5:      kiku_gazebo_garden_becter, nicolae_ossuary_entry_monument
D:6:      minmay_temple_entry_mist, basic_altar, serial_shops, shop,
          kennysheep_path_1, grunt_ministairs_13, uniq_menkaure
D:7:      serial_shops, nicolae_shop_statue_plus
D:8:      nicolae_gozag_seed_capital, uniq_grum, uniq_gastronok, uniq_maurice
D:9:      zombieorc1_lemuel, serial_shops, nicolae_shop_trees, uniq_joseph
D:10:     hangedman_decor_push
D:11:     grunt_lair_entry_orc_guard_hut, basic_altar
Lair:1:   grunt_megastairs_4, lemuel_fruit_tree, infiniplex_staircase_pool,
          minmay_lair_oklob_chamber, serial_bayou_shore_b
Lair:2:   minmay_snake_entry_guardpost_large
Lair:3:   swamp_mist, portal_ice_cave_entry_ice_beasts
Lair:4:   enter_volcano_4, minivault_25, lemuel_oklob_altar, uniq_harold,
          uniq_snorg, uniq_josephine
Ossuary:  ossuary_due_pyramid

Skill      XL: |  1  2  3  4  5  6  7  8  9 10 11 |
---------------+----------------------------------+-----
Spellcasting   | 3 4 5 7 9 |  9.3
Summonings     | 4 5 7 8 |  8.0
Ice Magic      | 1 2 3 4 |  4.0
Necromancy     | 3 5 7 8 |  8.0
Fighting       | 3 5 7 |  7.2
Stealth        | 3 4 |  4.0
Dodging        | 3 4 |  4.0
Polearms       | 3 5 |  5.8
Shields        | 3 |  3.2

Action                   |  1- 3 |  4- 6 |  7- 9 | 10-12 || total
-------------------------+-------+-------+-------+-------++-------
Melee: Unarmed           |    17 |       |       |       ||    17
       Dagger            |     7 |    13 |    23 |       ||    43
       Trident           |       |       |    37 |   137 ||   174
 Fire: Hunting sling     |       |     7 |       |       ||     7
Throw: Stone             |       |       |       |     2 ||     2
 Cast: Summon Small Mamm |    78 |     1 |       |       ||    79
       Call Imp          |    11 |    81 |    23 |     4 ||   119
       Call Canine Famil |       |    43 |    46 |    29 ||   118
       Summon Ice Beast  |       |       |    97 |   309 ||   406
       Animate Skeleton  |       |       |       |    20 ||    20
       Dispel Undead     |       |       |       |     1 ||     1
Evoke: Wand              |       |       |     1 |       ||     1
  Use: Scroll            |       |     4 |     3 |    16 ||    23
 Stab: Distracted        |     1 |       |     1 |     4 ||     6
       Sleeping          |       |       |       |     1 ||     1
Armor: Robe              |     8 |     5 |    19 |    27 ||    59
Dodge: Dodged            |    27 |    43 |    42 |    95 ||   207
Block: Other             |       |       |       |    18 ||    18
       Buckler           |       |       |       |    17 ||    17
